Unix NetHack Version 5.0.0-0 post-release - last build May 10 2026 23:12:36 (d1fa5d53e341ca933230fdaa984d921c805b60aa,branch:main).

Game began 2026-05-13 14:09:23, ended 2026-05-13 14:32:36.

ArrBianca, lawful female dwarven Archeologist

   ------          ----------------
   |/%@.|          |..............|
   |..[.|          |........?.....|
   |%?!.-(         -------------|--
   ------#                   # ##
        #####      #        ###0##############
        #   ########        ####             ##
                  ########     #         -----|-----
                  # ########## ##        |..(......|
                           --.--.-       |.........|
                           |.....|       |........<.
                           |.(....##     |.........|
                           |.....| ###   |.........|
                           |.....|       +.........|
                           -------       -----------

ArrBianca the Field Worker  St:16 Dx:11 Co:12 In:16 Wi:14 Ch:9  Lawful
Dlvl:7  $:222 HP:0(40) Pw:15(15) AC:6  Xp:5 T:2960  Blind

Latest messages:
 You feel hemmed in.
 It bites!
 It bites!
 It misses!
 It bites!
 You kill it!
 It bites!
 It bites!
 It bites!
 You lash it.
 It bites!
 It bites!
 It bites!
 It bites!
 What do you want to drink? [jqtuDES or ?*] ?
 You feel better.
 You can see again.
 The sewer rat bites!
 The sewer rat bites!
 The raven bites!
 The raven blinds you!
 It just misses!
 You lash it.
 It just misses!
 It bites!
 It just misses!
 You kill it!
 It bites!
 It bites!
 You kill it!
 It misses!
 You kill it!
 You try to feel what is lying here on the floor.
 You try to feel what is lying here on the floor.
 You feel here a red spellbook (for sale, 267 zorkmids).
 It bites!
 You lash it.
 It bites!
 You miss it.
 It bites!
 You miss it.
 It bites!
 You feel more confident in your weapon skills.
 (Tip: use the #enhance command to advance them.)
 You lash it.
 It bites!
 You die...
 Aklavik gratefully inherits all your possessions.
 Do you want an account of creatures vanquished? [ynaq] (y) a
 Do you want to see your conduct and achievements? [ynq] (n) q

Inventory:
 Coins    ('$')
  $ - 222 gold pieces
 Weapons  (')')
  a - a +3 bullwhip (weapon in right hand)
 Armor    ('[')
  c - an uncursed +0 fedora (being worn)
  b - an uncursed +3 leather jacket (being worn)
 Comestibles  ('%')
  d - 4 uncursed food rations
  T - an uncursed homemade tin of gecko meat
  M - an uncursed homemade tin of kobold meat
  V - an uncursed lichen corpse
 Scrolls  ('?')
  K - a blessed scroll of confuse monster
  W - an uncursed scroll of create monster
  s - an uncursed scroll of gold detection
 Potions  ('!')
  t - an uncursed potion of booze
  u - an uncursed potion of confusion
  D - a cursed potion of gain energy
  j - an uncursed potion of healing
  S - an uncursed potion of see invisible
  q - a cursed potion of speed
 Wands    ('/')
  N - a wand of digging (0:6)
  O - a wand of sleep (0:5)
 Tools    ('(')
  h - an empty uncursed sack
  i - an uncursed oil lamp
  f - a tinning kit (0:69)
 Gems/Stones  ('*')
  g - an uncursed touchstone

ArrBianca the Archeologist's attributes:

Background:
 You were a Field Worker, a level 5 female dwarven Archeologist.
 You were lawful, on a mission for Quetzalcoatl
 who was opposed by Camaxtli (neutral) and Huhetotl (chaotic).
 You were right-handed.
 You were in the Dungeons of Doom, on level 7.
 You entered the dungeon 2960 turns ago.
 You had 208 experience points, 112 more were needed to attain level 6.

Basics:
 You had 0 out of 40 hit points.
 You had all 15 energy points (spell power).
 Your armor class was 6.
 Your wallet contained 222 zorkmids.
 Autopickup was on, but temporarily disabled while inside the shop.

Final Characteristics:
 Your strength was 16 (limit:18/100).
 Your dexterity was 11 (limit:20).
 Your constitution was 12 (limit:20).
 Your intelligence was 16 (limit:16).
 Your wisdom was 14 (limit:16).
 Your charisma was 9 (limit:16).

Final Status:
 You were temporarily blind.
 You weren't hungry.
 You were unencumbered.
 You were wielding a whip.
 You had basic skill with whip and could have enhanced that.

Final Attributes:
 You were piously aligned.
 You had automatic searching.
 You had infravision.
 You were stealthy.
 You were lucky.
 You are dead.

Miscellaneous:
 You didn't encounter any bones levels.
 Total elapsed playing time was 23 minutes and 13 seconds.

Major events:
 Turn
    1: ArrBianca the lawful female dwarven Archeologist entered the dungeon
 1515: attained the rank of Field Worker (level 3)
 2960: killed by a rabid rat

Spells:
 Name                 Level Category     Fail Retention
 detect treasure        4   divination   100%  76%-100%
 identify               3   divination   100%  76%-100%
 detect monsters        1   divination     0%  76%-100%
 cure blindness         2   healing       78%  76%-100%

Skills:
 Fighting Skills
   bare handed combat [Unskilled]
   two weapon combat  [Unskilled]
   riding             [Unskilled]
 Weapon Skills
   dagger             [Unskilled]
   knife              [Unskilled]
   pick-axe           [Basic]
   short sword        [Unskilled]
   saber              [Unskilled]
   club               [Unskilled]
   quarterstaff       [Unskilled]
   sling              [Unskilled]
   dart               [Unskilled]
   boomerang          [Unskilled]
   whip               [Basic]
   unicorn horn       [Unskilled]
 Spellcasting Skills
   attack spells      [Unskilled]
   healing spells     [Unskilled]
   divination spells  [Unskilled]
   matter spells      [Unskilled]

Voluntary challenges:
 Character rerolling was not enabled.
 You never had a pet.
 You never genocided any monsters.
 You never polymorphed an object.
 You never changed form.
 You used no wishes.
Achievements:
 You entered a shop.
 You attained the rank of Field Worker.

 The Dungeons of Doom: levels 1 to 7
    Level 1:
       An altar to Quetzalcoatl, a fountain.
    Level 2:
    Level 3:
       A scroll shop.
    Level 4:
       A general store.
    Level 5: "stash"
    Level 6:
       A fountain.
    Level 7: <- You were here.
       A general store.
       Final resting place for
          you, killed by a rabid rat.


Vanquished creatures:
  a raven
  a wood nymph
  a ghoul
  a giant ant
  a homunculus
  2 hill orcs
  2 rabid rats
 an orc zombie
  2 wererats
  a coyote
  2 manes
  2 large kobolds
  a giant rat
  a cave spider
  a red mold
  2 geckos
  a jackal
  a kobold
  2 sewer rats
  2 grid bugs
  2 bats
  4 lichens
  a kobold zombie
  5 newts
40 creatures vanquished.

No species were genocided or became extinct.

Game over:
                       ----------
                      /          \
                     /    REST    \
                    /      IN      \
                   /     PEACE      \
                  /                  \
                  |    ArrBianca     |
                  |       0 Au       |
                  |   killed by a    |
                  |    rabid rat     |
                  |                  |
                  |                  |
                  |       2026       |
                 *|     *  *  *      | *
        _________)/\\_//(\/(/\)/\//\/|_)_______

Goodbye ArrBianca the Archeologist...

You died in The Dungeons of Doom on dungeon level 7 with 1142 points,
and 0 pieces of gold, after 2960 moves.
You were level 5 with a maximum of 40 hit points when you died.

